 Dungeon Crawl Stone Soup version 0.26-a0-1025-g006ef2cfcc (webtiles) character file.

Game seed: 9717207589122751484

286 Ijustatesigmund the Chopper (level 6, -3/64 HPs)
             Began as an Octopode Fighter on Dec 9, 2020.
             Slain by Crazy Yiuf
             ... wielding a +4 quarterstaff of chaos
              (8 damage)
             ... on level 3 of the Dungeon.
             The game lasted 00:05:20 (2937 turns).

Ijustatesigmund the Chopper (Octopode Fighter)      Turns: 2937, Time: 00:05:21

Health: -3/64      AC:  1    Str: 15    XL:     6   Next: 30%
Magic:  6/6        EV: 11    Int: 10    God:
Gold:   165        SH:  9    Dex: 14    Spells: 2/5 levels left

rFire    . . .     SeeInvis .   a - +0 war axe
rCold    + . .     Faith    .   b - +1 kite shield
rNeg     . . .     Spirit   .   (helmet restricted)
rPois    .         Reflect  .   (no amulet)
rElec    .         Harm     .   e - ring of protection from cold
rCorr    .         Rampage  .   (no ring)
Will     .....                  (no ring)
Stlth    ..........             (no ring)
HPRegen  0.20/turn              (no ring)
MPRegen  0.10/turn              (no ring)
                                (no ring)
                                (no ring)

@: berserking (expiring), lightly drained, very quick
A: almost no armour, stealthy swim, amphibious, 8 rings, constrict 8, camouflage
1, gelatinous body 1
a: no special abilities


You were on level 3 of the Dungeon.
You visited 1 branch of the dungeon, and saw 3 of its levels.

You collected 165 gold pieces.

Inventory:

Hand Weapons
 a - a +0 war axe (weapon)
Missiles
 h - 13 poisoned darts (quivered)
Armour
 b - a +1 kite shield (worn)
Jewellery
 e - a ring of protection from cold (left tentacle)
 n - an uncursed ring of fire
Scrolls
 d - a scroll of amnesia
 i - a scroll of remove curse
 o - a scroll of enchant weapon {unknown}
Potions
 c - a potion of might
 g - 3 potions of ambrosia
 j - a potion of lignification {unknown}
 k - 2 potions of curing {unknown}
 l - a potion of cancellation {unknown}
 m - a potion of flight {unknown}


   Skills:
 + Level 4.1(3.7) Fighting
 + Level 5.8(5.4) Axes
 - Level 3.0(2.6) Dodging
 - Level 3.0(2.6) Shields


You had 2 spell levels left.
You knew the following spells:

 Your Spells              Type           Power        Failure   Level
a - Magic Dart            Conj           #...         88%         1
b - Blink                 Tloc           N/A          96%         2

Your spell library contained the following spells:

 Spells                   Type           Power        Failure   Level
 Call Imp                 Summ           #.......     96%         2
 Slow                     Hex            #.......     96%         2
 Confusing Touch          Hex            #.......     99%         3
 Conjure Flame            Conj/Fire      #.......     99%         3
 Gell's Gravitas          Tloc           #.........   99%         3
 Mephitic Cloud           Conj/Pois/Air  #.......     99%         3
 Petrify                  Tmut/Erth      #.......     100%        4
 Metabolic Englaciation   Hex/Ice        #.........   100%        5
 Yara's Violent Unravell  Hex/Tmut       #.........   100%        5


Dungeon Overview and Level Annotations

Branches:
Dungeon (3/15)

Altars:
Ashenzari
Elyvilon

Annotations:
D:3 Crazy Yiuf


Innate Abilities, Weirdness & Mutations

You cannot wear most types of armour.
You are very stealthy in the water. (Stealth+)
You are amphibious.
You can wear up to eight rings at the same time.
You can use your tentacles to constrict eight enemies at once.
Your skin changes colour to match your surroundings (Stealth+).
Your rubbery body absorbs attacks. (AC +1, EV +1)


Message History

Crazy Yiuf hits you with a +4 quarterstaff of chaos!
You suddenly lose the ability to move!
Crazy Yiuf hits you with a +4 quarterstaff of chaos!
Crazy Yiuf burns you.
Crazy Yiuf hits you with a +4 quarterstaff of chaos.
Crazy Yiuf hits you with a +4 quarterstaff of chaos!
You feel drained.
* * * LOW HITPOINT WARNING * * *
Crazy Yiuf flaps his cloak.
Crazy Yiuf hits you with a +4 quarterstaff of chaos!
* * * LOW HITPOINT WARNING * * *
Crazy Yiuf burns you.
* * * LOW HITPOINT WARNING * * *
You can move again.
You closely miss Crazy Yiuf. You grab Crazy Yiuf.
Crazy Yiuf is heavily wounded.
You constrict Crazy Yiuf.
Crazy Yiuf laughs, "Pitchfork!"
Crazy Yiuf hits you with a +4 quarterstaff of chaos!
You die...

# #.# #.###.##...[.#
#.# ###.###.#
#.######## #.# ##
(.......# #.# #.# ##.
###.##### ### ### ##..
###.## #... .....# ###
##.. #.#.####.# ###**
♣♣#### ##. ...####..#
#)..#♣♣ ♣♣....######.
......'..#
#...g@♣♣♣♣.P.........†
...####..#
#...#♣..♣..P...######.
#.## ##.#
###**♣♣♣.♣.P..## #.
### ### ♣♣♣♣♣### #. #
##. # ### ### ##.. #
#.# #.# #... # #.# #.#
#... #### ##.## #.#
#...


You could see Crazy Yiuf (fast).

Vanquished Creatures
  Sigmund (D:3)
  Jessica (D:2)
  3 adders
  4 worms
  A dart slug (D:1)
  2 leopard geckos
  A ball python (D:3)
  3 giant cockroaches
  9 goblins
  11 hobgoblins
  3 jackals (D:1)
  11 kobolds
  7 bats
  6 frilled lizards
  10 rats
73 creatures vanquished.

Vanquished Creatures (others)
  A quokka (D:3)
1 creature vanquished.

Grand Total: 74 creatures vanquished

Notes
Turn   | Place    | Note
-------+----------+-------------------------------------------
     0 | D:1      | Ijustatesigmund the Octopode Fighter began the quest for
                  | the Orb.
     0 | D:1      | Reached XP level 1. HP: 16/16 MP: 1/1
   303 | D:1      | Reached XP level 2. HP: 21/21 MP: 2/2
   564 | D:1      | Reached skill level 3 in Axes
   971 | D:1      | Reached XP level 3. HP: 26/26 MP: 3/3
  1566 | D:2      | Reached skill level 4 in Axes
  1620 | D:2      | Found a broken altar of Ashenzari.
  1679 | D:2      | Noticed Jessica
  1682 | D:2      | Killed Jessica
  1683 | D:2      | Reached XP level 4. HP: 31/31 MP: 4/4
  2168 | D:3      | Reached skill level 5 in Axes
  2168 | D:3      | Reached XP level 5. HP: 36/36 MP: 5/5
  2311 | D:3      | Learned a level 1 spell: Magic Dart
  2314 | D:3      | Learned a level 2 spell: Blink
  2619 | D:3      | Noticed Sigmund
  2622 | D:3      | Found a white marble altar of Elyvilon.
  2624 | D:3      | Killed Sigmund
  2625 | D:3      | Reached XP level 6. HP: 43/43 MP: 6/6
  2927 | D:3      | Found a runed translucent door.
  2928 | D:3      | Noticed Crazy Yiuf
  2933 | D:3      | Paralysed by Crazy Yiuf for 3 turns
  2937 | D:3      | Slain by Crazy Yiuf

Illustrated notes

Levels and vault maps discovered:
D:1:      dpeg_arrival_tiny_k, layout_basic
D:2:      layout_basic, general_overflow_altar, uniq_jessica
D:3:      layout_loops_corners, elyvilon_altar_4, uniq_crazy_yiuf_cottage,
          uniq_sigmund

Skill      XL: |  1  2  3  4  5 |
---------------+----------------+-----
Axes           | 3 4 5 |  5.8
Fighting       | 4 |  4.1
Dodging        | |  3.0
Shields        | |  3.0

Action                   |  1- 3 |  4- 6 || total
-------------------------+-------+-------++-------
Melee: War axe           |    66 |    65 ||   131
       Constrict         |    20 |    20 ||    40
       Tentacles         |     8 |     9 ||    17
  Use: Scroll            |     7 |     2 ||     9
       Potion            |       |     2 ||     2
 Stab: Sleeping          |     5 |     3 ||     8
       Distracted        |       |     1 ||     1
Armor: Skin              |     4 |     3 ||     7
Dodge: Dodged            |    26 |    18 ||    44
Block: Kite shield       |    31 |    23 ||    54

Table legend: (Time is in decaauts)
 A = Elapsed time spent in this place.
 B = Non-inter-level travel time spent in this place.
 C = Inter-level travel time spent in this place.
 D = Time resting spent in this place.
 E = Time spent auto-exploring this place.
 F = Levels seen in this place.
 G = Mean time per level.
                   A        B        C        D        E       F      G
               +--------+--------+--------+--------+--------+-----+--------+
         Total |   2995 |   2967 |     28 |    126 |   2371 |   3 |  998.3 |
       Dungeon |   2995 |   2967 |     28 |    126 |   2371 |   3 |  998.3 |
               +--------+--------+--------+--------+--------+-----+--------+

Top non-repeatable levels by time:
     D:1: 1359 daAuts
     D:2: 823 daAuts
     D:3: 812 daAuts
